 Dungeon Crawl Stone Soup version 0.22-a0-858-g985ef60 (webtiles) character file.

18 Amnesiac the Vexing (level 2, -1/19 HPs)
             Began as a Mummy Enchanter on July 27, 2018.
             Slain by an adder (3 damage)
             ... on level 2 of the Dungeon.
             The game lasted 00:01:36 (614 turns).

Amnesiac the Vexing (Mummy Enchanter)                Turns: 614, Time: 00:01:37

Health: -1/19      AC:  2    Str: 11    XL:     2   Next: 51%
Magic:  5/6        EV: 12    Int: 14    God:
Gold:   55         SH:  0    Dex: 12    Spells: 6/7 levels left

rFire    x . .     SeeInvis .   b - +0 mace
rCold    + . .     Gourm    .   (no shield)
rNeg     + + +     Faith    .   c - +0 robe
rPois    ∞         Spirit   .   (no helmet)
rElec    .         Reflect  .   (no cloak)
rCorr    .         Harm     .   (no gloves)
MR       .....                  (no boots)
Stlth    ++........             (no amulet)
HPRegen  0.06/turn              (no ring)
MPRegen  0.10/turn              (no ring)

@: no status effects
A: no food or potions, fire vulnerability, cold resistance 1, negative energy
resistance 3, torment resistance, unbreathing
a: no special abilities


You were on level 2 of the Dungeon.
You were not hungry.

You visited 1 branch of the dungeon, and saw 2 of its levels.

You collected 55 gold pieces.

Inventory:

Hand Weapons
 a - a +1 dagger
 b - a +0 mace (weapon)
Armour
 c - a +0 robe (worn)
Scrolls
 d - 2 scrolls of remove curse {!r}
 e - a scroll of random uselessness {!r, unknown}


   Skills:
 - Level 1.0 Short Blades
 - Level 1.5 Dodging
 + Level 2.5 Stealth
 + Level 3.0 Spellcasting
 * Level 3.1 Hexes


You had 6 spell levels left.
You knew the following spells:

 Your Spells              Type           Power        Failure   Level  Hunger
a - Corona                Hex            ##.....      6%          1    N/A

Your spell library contained the following spells:

 Spells                   Type           Power        Failure   Level  Hunger
 Confuse                  Hex            ##......     17%         3    N/A
 Tukima's Dance           Hex            ##......     17%         3    N/A
 Ensorcelled Hibernation  Hex/Ice        #.....       17%         2    N/A
 Dazzling Spray           Conj/Hex       #.....       32%         3    N/A

Dungeon Overview and Level Annotations

Branches:
Dungeon (2/15)

Altars:


Innate Abilities, Weirdness & Mutations

You do not eat or drink.
Your flesh is vulnerable to fire.
You are immune to poison.
Your flesh is cold resistant. (rC+)
You are immune to negative energy. (rN+++)
You are immune to unholy pain and torment.
You can survive without breathing.


Message History

There is a stone staircase leading up here.
A goblin comes into view.
The goblin shouts!
The frilled lizard hisses angrily.
Casting: Corona (safe; 6% risk of failure)
Confirm with . or Enter, or press ? or * to list all spells.
Aiming: Corona (safe; 6% risk of failure)
Press: ? - help, Shift-Dir - straight line, f - frilled lizard
Aim: a frilled lizard (chance to defeat MR: 63%)
The frilled lizard is outlined in light.
The frilled lizard bites you but does no damage.
Unknown command.
You barely miss the frilled lizard. The frilled lizard barely misses you.
You closely miss the frilled lizard. The frilled lizard closely misses you.
The frilled lizard bites you.
You thump the frilled lizard!
You kill the frilled lizard!
The goblin hits you.
Casting: Corona (safe; 6% risk of failure)
Confirm with . or Enter, or press ? or * to list all spells.
Aiming: Corona (safe; 6% risk of failure)
Press: ? - help, Shift-Dir - straight line, f - goblin
Aim: a goblin (chance to defeat MR: 64%)
The goblin is outlined in light.
The goblin closely misses you.
Unknown command.
You sock the goblin!
You kill the goblin!
d - 3 scrolls labeled IFAAWE FIORGH {!r} (gained 1)
You now have 55 gold pieces (gained 14).
You see here a frilled lizard corpse.
e - a scroll labeled FYIFAR PUEPHA {!r} Really read
d - 3 scrolls labeled IFAAWE FIORGH {!r}?
As you read the scroll labeled IFAAWE FIORGH {!r}, it crumbles to dust.
You feel blessed for a moment.
It was a scroll of remove curse {!r}.
Magic restored.
Found 17 stones.
An adder comes into view.
The adder hisses angrily.
Casting: Corona (safe; 6% risk of failure)
Confirm with . or Enter, or press ? or * to list all spells.
Aiming: Corona (safe; 6% risk of failure)
Press: ? - help, Shift-Dir - straight line, f - adder
Aim: an adder (chance to defeat MR: 55%)
The adder is outlined in light.
Unknown command.
You hit the adder.
The adder is heavily wounded.
The adder bites you. The adder bites you but does no damage.
You hit the adder but do no damage.
The adder is heavily wounded.
The adder bites you. x2
You closely miss the adder.
The adder is heavily wounded.
The adder bites you.
* * * LOW HITPOINT WARNING * * *
The adder bites you.
* * * LOW HITPOINT WARNING * * *
You closely miss the adder.
The adder is heavily wounded.
The adder barely misses you. The adder bites you.
* * * LOW HITPOINT WARNING * * *
You closely miss the adder.
The adder is heavily wounded.
The adder bites you.
You die...

....... #..........#
.......##..........#
...................#
..................#
..........########
#.......#
###.......#
#.........#
#.#..@....#
.....(.S..###
###.####..# .. #..#
.# #..# #..# ...#
.##


You could see an adder.

Vanquished Creatures
  A dart slug (D:1)
  A worm (D:2)
  A giant cockroach (D:1)
  2 kobolds (D:1)
  A ball python (D:1)
  2 bats
  2 frilled lizards
  5 goblins
15 creatures vanquished.

Notes
Turn   | Place    | Note
-------+----------+-------------------------------------------
     0 | D:1      | Amnesiac the Mummy Enchanter began the quest for the Orb.
     0 | D:1      | Reached XP level 1. HP: 13/13 MP: 4/4
    61 | D:1      | Reached skill level 1 in Short Blades
   240 | D:1      | Reached XP level 2. HP: 15/19 MP: 1/5
   614 | D:2      | Slain by an adder

Vault maps used:
D:1:      shiori_arrival_elements
D:2:      nicolae_overflow_crystal_walls, first_ration

Skill      XL: |  1  2 |
---------------+-------+-----
Short Blades   | 1 |  1.0
Hexes          | 3 |  3.1
Spellcasting   | 3 |  3.0
Dodging        | |  1.5
Stealth        | |  2.5

Action                   || total
-------------------------++-------
Melee: Dagger            ||    13
       Mace              ||    29
 Cast: Corona            ||    16
  Use: Scroll            ||     1
 Stab: Sleeping          ||     1
Armor: Robe              ||    10
Dodge: Dodged            ||    33

Table legend:
 A = Spawn XP
 B = Non-spawn XP
 C = Spawn XP percentage of total XP
 D = Spawn monster count
 E = Non-spawn monster count
 F = Spawn count percentage of total count
 G = Total turns spent on level
                    A         B        C        D         E        F      G
               +---------+---------+-------+---------+---------+-------+---------
         Total |       0 |      27 |   0.0 |       0 |      15 |   0.0 |   614
               +---------+---------+-------+---------+---------+-------+---------
           D:1 |       0 |      19 |   0.0 |       0 |      11 |   0.0 |   464
           D:2 |       0 |       8 |   0.0 |       0 |       4 |   0.0 |   150
               +---------+---------+-------+---------+---------+-------+---------
